 Dungeon Crawl Stone Soup version 0.25-b1-23-ge2ad7d536c (webtiles) character file.

Game seed: 11793394755675083676, levelgen mode: deterministic

107 Dirian the Skirmisher (level 4, -6/40 HPs)
             Began as a Draconian Fighter on June 3, 2020.
             Shot with an arrow by a centaur (10 damage)
             ... on level 2 of the Dungeon.
             The game lasted 00:01:39 (1713 turns).

Dirian the Skirmisher (Draconian Fighter)           Turns: 1713, Time: 00:01:39

Health: -6/40      AC:  5    Str: 19    XL:     4   Next: 56%
Magic:  4/4        EV: 10    Int:  8    God:
Gold:   68         SH:  9    Dex: 11    Spells: 3/3 levels left

rFire    . . .     SeeInvis .   a - +0 long sword
rCold    . . .     Gourm    .   b - +0 kite shield
rNeg     . . .     Faith    .   (armour unavailable)
rPois    .         Spirit   .   (helmet restricted)
rElec    .         Reflect  .   (no cloak)
rCorr    .         Harm     .   (no gloves)
MR       .....                  (no boots)
Stlth    +.........             (no amulet)
HPRegen  0.13/turn              (no ring)
MPRegen  0.09/turn              (no ring)

@: no status effects
A: unfitting armour, cold-blooded, AC +5
a: no special abilities


You were on level 2 of the Dungeon.
You were not hungry.

You visited 1 branch of the dungeon, and saw 2 of its levels.

You collected 68 gold pieces.

Inventory:

Hand Weapons
 a - a +0 long sword (weapon)
Armour
 b - a +0 kite shield (worn)
Scrolls
 g - a scroll of magic mapping {unknown}
 h - a scroll of amnesia {unknown}
 i - a scroll of blinking {unknown}
Potions
 c - a potion of might
 e - a potion of magic {unknown}
Comestibles
 d - 6 rations
 f - a chunk of flesh


   Skills:
 + Level 3.8 Fighting
 * Level 3.6 Long Blades
 + Level 3.2 Dodging
 + Level 3.5 Shields


You had 3 spell levels left.
You didn't know any spells.
Your spell library was empty.

Dungeon Overview and Level Annotations

Branches:
Dungeon (2/15)

Altars:


Innate Abilities, Weirdness & Mutations

Your plain brown scales are hard. (AC +5)
You cannot fit into any form of body armour.
You are cold-blooded and may be slowed by cold attacks.


Message History

The centaur shoots an arrow.
The arrow barely misses you.
You see here an arrow.
You close the door, pushing everything out of the way.
A centaur opens the door.
You see here an adder skeleton.
The centaur shoots an arrow.
The arrow hits you!
* * * LOW HITPOINT WARNING * * *
The centaur shoots an arrow.
You block the arrow.
You see here an arrow.
There is an open door here.
The centaur shoots an arrow.
The arrow closely misses you.
There is a stone staircase leading down here.
You see here an arrow.
You close the door.
Something unseen opens the door.
The centaur shoots an arrow.
The arrow hits you!
* * * LOW HITPOINT WARNING * * *
You see here an arrow.
The centaur shoots an arrow.
The arrow hits you!
You die...

#.########.#..........
#.#.[(.>...#.#########
###.#...###..#.#
#............#.#
#.#.###.###.##.#
#.#.....#..c...#
#..........###.########
#.........##
#.#......## #......@(.#
#>'(.รท..c'(
#....^...## ###.....(##
########## #.(....#
#......# ########


You could see a centaur.

Vanquished Creatures
  A bullfrog zombie (D:2)
  Natasha (D:2)
  A gnoll (D:1)
  An adder (D:2)
  An ooze (D:1)
  A worm (D:2)
  A leopard gecko (D:1)
  5 bats
  2 giant cockroaches
  A goblin (D:1)
  4 hobgoblins
  3 frilled lizards (D:1)
  A kobold (D:2)
  4 rats (D:1)
27 creatures vanquished.

Notes
Turn   | Place    | Note
-------+----------+-------------------------------------------
     0 | D:1      | Dirian the Draconian Fighter began the quest for the Orb.
     0 | D:1      | Reached XP level 1. HP: 19/19 MP: 1/1
   217 | D:1      | Reached XP level 2. HP: 19/26 MP: 2/2
   756 | D:1      | Reached XP level 3. HP: 31/31 MP: 3/3
  1108 | D:2      | Noticed Natasha
  1119 | D:2      | Killed Natasha
  1119 | D:2      | Reached XP level 4. HP: 5/40 MP: 4/4
  1688 | D:2      | Noticed a centaur
  1713 | D:2      | Shot with an arrow by a centaur

Illustrated notes

Levels and vault maps discovered:
D:1:      dpeg_arrival_central, layout_basic
D:2:      layout_basic, first_ration, elyvilon_altar_5, uniq_crazy_yiuf_cottage,
          uniq_natasha

Skill      XL: |  1  2  3 |
---------------+----------+-----
Dodging        | 3 |  3.2
Long Blades    | 3 |  3.6
Fighting       | |  3.8
Shields        | |  3.5

Action                   |  1- 3 |  4- 6 || total
-------------------------+-------+-------++-------
Melee: Long sword        |    70 |    26 ||    96
       Tailslap          |     5 |     1 ||     6
  Eat: Chunk             |       |     3 ||     3
Armor: Skin              |    20 |    18 ||    38
Dodge: Dodged            |    26 |    12 ||    38
Block: Kite shield       |    29 |    19 ||    48
       Rpst.: Long sword |     5 |     3 ||     8
